 Dungeon Crawl Stone Soup version 0.25-a0-10-g2fe12d4386 (webtiles) character file.

Game seed: 421116922254616326, levelgen mode: deterministic

2516 Gebura the Carver (level 9, 0/94 HPs)
             Began as an Octopode Fighter on Oct 15, 2019.
             Was a Follower of Okawaru.
             Slain by a bullfrog (5 damage)
             ... on level 7 of the Dungeon.
             The game lasted 00:23:41 (9467 turns).

Gebura the Carver (Octopode Fighter)                Turns: 9467, Time: 00:23:41

Health: 0/94       AC: 24    Str: 18    XL:     9   Next: 54%
Magic:  10/10      EV:  2    Int: 11    God:    Okawaru [*.....]
Gold:   440        SH: 10    Dex: 11    Spells: 8/8 levels left

rFire    . . .     SeeInvis +   a - +0 long sword
rCold    . . .     Gourm    .   b - +0 shield
rNeg     + + +     Faith    .   (helmet currently unavailable)
rPois    +         Spirit   .   (no amulet)
rElec    .         Reflect  .   I - ring of see invisible
rCorr    .         Harm     .   (no ring)
MR       .....     NoTele   +   (no ring)
Stlth    +.........             (no ring)
HPRegen  0.25/turn              (no ring)
MPRegen  0.12/turn              (no ring)
                                (no ring)
                                (no ring)

@: tree-form, very slightly contaminated, invisible
A: almost no armour, stealthy swim, (amphibious), 8 rings, (constrict 8)
a: Heroism, Renounce Religion


You were on level 7 of the Dungeon.
You worshipped Okawaru.
Okawaru was aware of your devotion.
You were hungry.
You were a tree.
You visited 2 branches of the dungeon, and saw 8 of its levels.

You collected 440 gold pieces.

Inventory:

Hand Weapons
 a - a +0 long sword (weapon)
Missiles
 l - 14 boomerangs (quivered)
 m - 211 stones
 r - 7 silver boomerangs
 u - 41 sling bullets
Armour
 b - a +0 shield (worn)
 f - a +0 large shield
Jewellery
 v - an uncursed ring of fire
 I - a ring of see invisible (left branch)
Scrolls
 g - 7 scrolls of teleportation {unknown}
 h - 2 scrolls of identify
 j - 4 scrolls of amnesia {unknown}
 k - 2 scrolls of fog {unknown}
 n - 2 scrolls of noise {unknown}
 o - 3 scrolls of magic mapping {unknown}
 q - a scroll of enchant armour {unknown}
 w - a scroll of enchant weapon {unknown}
 x - a scroll of remove curse {unknown}
 y - a scroll of immolation {unknown}
 G - 3 scrolls of fear {unknown}
Potions
 c - a potion of might
 p - a potion of heal wounds {unknown}
 t - a potion of flight
 z - a potion of resistance {unknown}
 A - a potion of haste {unknown}
 B - a potion of magic {unknown}
 C - a potion of agility {unknown}
 D - a potion of cancellation {unknown}
 E - 2 potions of mutation {unknown}
 F - a potion of brilliance {unknown}
Comestibles
 d - 12 rations


   Skills:
 + Level 6.9 Fighting
 * Level 9.1 Long Blades
 - Level 3.0 Dodging
 + Level 6.8 Shields
 + Level 2.0 Invocations


You had 8 spell levels left.
You didn't know any spells.
Your spell library was empty.

Dungeon Overview and Level Annotations

Branches:
Dungeon (7/15)             Temple (1/1) D:6

Altars:
Ashenzari
Cheibriados
Dithmenos
Elyvilon
Fedhas
Gozag
Hepliaklqana
Kikubaaqudgha
Makhleb
Nemelex Xobeh
Okawaru
Qazlal
Ru
Sif Muna
Trog
Uskayaw
Wu Jian
Xom
Zin
The Shining One

Shops:
D:4 =

Annotations:
D:3 exclusions: downstairs and ogre
D:4 1 runed translucent door, Crazy Yiuf
D:7 exclusion: gargoyle


Innate Abilities, Weirdness & Mutations

You cannot wear most types of armour.
You are very stealthy in the water. (Stealth+)
((You are amphibious.))
You can wear up to eight rings at the same time.
((You can use your tentacles to constrict eight enemies at once.))
((Your skin changes colour to match your surroundings (Stealth+).))
((Your rubbery body absorbs attacks. (AC +1, EV +1)))


Message History

The hippogriff claws you but does no damage.
You closely miss the hippogriff.
The hippogriff is almost dead.
The hippogriff bites you but does no damage.
You block the hippogriff's attack.
The hippogriff claws you but does no damage.
You strike the helpless hippogriff from behind!
You slash the hippogriff!
You kill the hippogriff!
Okawaru is honoured by your kill.
You can now gain great but temporary skills.
Your Long Blades skill increases to level 9!
Your Invocations skill increases to level 2!
You hit the bullfrog.
The bullfrog is lightly wounded.
The bullfrog completely misses you. You block the bullfrog's attack.
You hit the bullfrog.
The bullfrog is lightly wounded.
The bullfrog hits you.
You die...

#.# #.....#
#.###..####
#......#####
###........#
####.....#
##....# #.#.##
##.########.#.#
#......F♣...#.#
.....#.##.### #
... ... #... .
..... ......
#..$###########
##.# ##


You could see a bullfrog.

Vanquished Creatures
  A hippogriff (D:7)
  Grinder (D:6)
  Menkaure (D:6)
  Duvessa (D:6)
  An ice beast (D:5)
  A phantom (D:6)
  A sky beast (D:7)
  2 ogres
  2 centaurs (D:5)
  A big kobold (D:6)
  A crocodile (D:7)
  A wyvern zombie (D:7)
  4 scorpions
  Dowan (D:6)
  A crimson imp (D:5)
  A bullfrog zombie (D:6)
  3 orc priests
  2 jellies
  3 orc wizards
  A bullfrog skeleton (D:6)
  A hound (D:4)
  A centaur skeleton (D:7)
  4 iguanas
  5 worker ants
  Robin (D:4)
  A gnoll (D:1)
  A howler monkey skeleton (D:6)
  8 adders
  2 shadow imps (D:7)
  2 oozes
  2 worms (D:3)
  3 dart slugs
  4 leopard geckos
  20 orcs
  2 ball pythons
  4 bats
  4 giant cockroaches
  18 goblins
  5 hobgoblins
  13 jackals
  6 quokkas
  5 frilled lizards
  9 kobolds
  A quokka skeleton (D:7)
  5 rats
157 creatures vanquished.

Notes
Turn   | Place    | Note
-------+----------+-------------------------------------------
     0 | D:1      | Gebura the Octopode Fighter began the quest for the Orb.
     0 | D:1      | Reached XP level 1. HP: 16/16 MP: 1/1
   327 | D:1      | Reached XP level 2. HP: 20/21 MP: 2/2
   901 | D:1      | Reached XP level 3. HP: 18/26 MP: 3/3
  1461 | D:2      | Reached skill level 3 in Long Blades
  1558 | D:3      | Reached XP level 4. HP: 29/31 MP: 4/4
  2500 | D:4      | Reached skill level 4 in Long Blades
  2500 | D:4      | Reached XP level 5. HP: 33/37 MP: 5/5
  2587 | D:4      | Found a blossoming altar of Fedhas.
  2671 | D:4      | Reached XP level 6. HP: 20/43 MP: 6/6
  2761 | D:4      | Noticed Robin
  3203 | D:4      | Killed Robin
  3435 | D:4      | Found a sacrificial altar of Ru.
  3486 | D:4      | Found Huhimmamm's Jewellery Shop.
  3513 | D:4      | Reached skill level 5 in Long Blades
  3759 | D:4      | Found a burning altar of Makhleb.
  4083 | D:5      | Entered Level 5 of the Dungeon
  4131 | D:4      | Found a runed translucent door.
  4132 | D:4      | Noticed Crazy Yiuf
  4221 | D:5      | Reached XP level 7. HP: 41/49 MP: 7/7
  4596 | D:5      | Reached skill level 6 in Long Blades
  4992 | D:5      | Reached skill level 5 in Fighting
  4992 | D:5      | Reached skill level 5 in Shields
  5248 | D:5      | Reached XP level 8. HP: 49/55 MP: 8/8
  5429 | D:6      | Found a staircase to the Ecumenical Temple.
  5980 | D:5      | Reached skill level 7 in Long Blades
  6398 | D:6      | Noticed Menkaure
  6411 | D:6      | Killed Menkaure
  6726 | D:6      | Noticed Dowan
  6727 | D:6      | Noticed Duvessa
  6758 | D:6      | Killed Dowan
  7328 | D:6      | Reached skill level 8 in Long Blades
  7349 | D:6      | Noticed Grinder
  7357 | D:6      | Killed Grinder
  7357 | D:6      | Reached XP level 9. HP: 38/63 MP: 9/9
  7551 | D:6      | Killed Duvessa
  8405 | Temple   | Entered the Ecumenical Temple
  8490 | Temple   | Became a worshipper of Warmaster Okawaru
  8845 | D:7      | Noticed a gargoyle
  8863 | D:7      | Reached skill level 1 in Invocations
  9459 | D:7      | HP: 4/94 [hippogriff (5)]
  9465 | D:7      | Reached * piety under Okawaru
  9465 | D:7      | Reached skill level 9 in Long Blades
  9467 | D:7      | Slain by a bullfrog

Levels and vault maps discovered:
D:1:      psy_arrival_statuary, layout_rooms, minmay_pentomino_q4
D:2:      layout_loops_ring, first_ration
D:3:      layout_basic
D:4:      layout_cave_pools, kennysheep_mini, lemuel_crystal_altar,
          nicolae_ru_path_of_blood, serial_shops, shop, st_stairs_4,
          minmay_ogre_servants, uniq_crazy_yiuf_cottage, uniq_robin
D:5:      layout_basic
D:6:      layout_layer_cave, minmay_temple_entry_arrows, uniq_grinder,
          uniq_menkaure, uniq_duvessa
D:7:      layout_loops_ring
Temple:   regret_index_temple_mists

Skill      XL: |  1  2  3  4  5  6  7  8  9 |
---------------+----------------------------+-----
Long Blades    | 3 4 5 6 8 9 |  9.1
Fighting       | 4 5 6 |  6.9
Shields        | 4 5 6 |  6.8
Invocations    | 2 |  2.0
Dodging        | |  3.0

Action                   |  1- 3 |  4- 6 |  7- 9 || total
-------------------------+-------+-------+-------++-------
Melee: Long sword        |    51 |   116 |   240 ||   407
       Tentacles         |    11 |    30 |    51 ||    92
       Constrict         |    11 |    34 |    42 ||    87
Throw: Boomerang         |     6 |     6 |     3 ||    15
       Throwing net      |       |       |     1 ||     1
  Use: Scroll            |       |     5 |     1 ||     6
       Potion            |       |       |     6 ||     6
 Stab: Sleeping          |     7 |     5 |     6 ||    18
       Invisible         |       |       |     1 ||     1
  Eat: Chunk             |     1 |     9 |     6 ||    16
       Ration            |       |       |     3 ||     3
Armor: Skin              |     3 |     3 |    26 ||    32
Dodge: Dodged            |    19 |    42 |    73 ||   134
Block: Shield            |    21 |    52 |   102 ||   175
       Rpst.: Long sword |     6 |    14 |    20 ||    40

Table legend:
 A = Non-vault XP
 B = Vault XP
 C = Vault XP percentage of total XP
 D = Non-vault monster count
 E = Vault monster count
 F = Vault count percentage of total count
                 A         B        C        D         E       F
            +---------+---------+-------+---------+---------+-------
      Total |    2773 |     822 |  22.9 |     129 |      28 |  17.8
            +---------+---------+-------+---------+---------+-------
        D:1 |      40 |       3 |   7.0 |      13 |       2 |  13.3
        D:2 |      32 |       0 |   0.0 |      11 |       0 |   0.0
        D:3 |      98 |       1 |   1.0 |      25 |       1 |   3.8
        D:4 |     248 |     169 |  40.5 |      11 |      21 |  65.6
        D:5 |     728 |       0 |   0.0 |      20 |       0 |   0.0
        D:6 |     752 |     649 |  46.3 |      31 |       4 |  11.4
        D:7 |     875 |       0 |   0.0 |      18 |       0 |   0.0
            +---------+---------+-------+---------+---------+-------
